 Dungeon Crawl Stone Soup version 0.23.0 (webtiles) character file.

Game seed: 14797858315668324094

170 night the Ruffian (level 5, -2/38 HPs)
             Began as a Demonspawn Gladiator on Feb 9, 2019.
             Slain by a worker ant (5 damage)
             ... on level 4 of the Dungeon.
             The game lasted 00:15:59 (2904 turns).

night the Ruffian (Demonspawn Gladiator)            Turns: 2904, Time: 00:16:00

Health: -2/38      AC: 11    Str: 15    XL:     5   Next: 26%
Magic:  5/5        EV: 12    Int: 10    God:
Gold:   264        SH:  0    Dex: 14    Spells: 4/4 levels left

rFire    . . .     SeeInvis .     - Unarmed
rCold    . . .     Gourm    .   (no shield)
rNeg     . . .     Faith    .   a - +0 leather armour
rPois    .         Spirit   .   b - +0 helmet
rElec    .         Reflect  .   (no cloak)
rCorr    .         Harm     .   (no gloves)
MR       .....                  (no boots)
Stlth    ++........             (no amulet)
HPRegen  0.12/turn              s - +1 ring of protection
MPRegen  0.09/turn              (no ring)

@: lethally poisoned (-2 -> -12), sanguine armour
A: nightstalker 1, sanguine armour 1
a: no special abilities


You were on level 4 of the Dungeon.
You were very hungry.

You visited 1 branch of the dungeon, and saw 4 of its levels.

You collected 264 gold pieces.

Inventory:

Hand Weapons
 e - a +0 hunting sling
Missiles
 c - 3 throwing nets (quivered)
 f - 32 arrows
 i - 90 stones
 n - 8 javelins
 q - 5 curare-tipped needles
Armour
 a - a +0 leather armour (worn)
 b - a +0 helmet (worn)
Jewellery
 s - a +1 ring of protection (left hand)
Scrolls
 h - 2 scrolls of immolation {unknown}
 k - a scroll of remove curse {unknown}
 m - a scroll of enchant armour {unknown}
 o - a scroll of magic mapping {unknown}
 u - 4 scrolls of blinking {unknown}
 v - a scroll of fear {unknown}
Potions
 g - a potion of magic
 j - a potion of haste
 l - a potion of curing
 p - a potion of cancellation
Comestibles
 d - 6 rations


   Skills:
 - Level 2.0 Fighting
 - Level 1.7 Throwing
 - Level 2.6 Dodging
 + Level 5.5 Unarmed Combat


You had 4 spell levels left.
You didn't know any spells.
Your spell library contained the following spells:

 Spells                   Type           Power        Failure   Level  Hunger
 Corona                   Hex            #......      43%         1    ##.....
 Ensorcelled Hibernation  Hex/Ice        #.....       56%         2    ###....
 Confuse                  Hex            #.......     80%         3    ####...
 Dazzling Spray           Conj/Hex       #.....       80%         3    ####...
 Tukima's Dance           Hex            #.......     80%         3    ####...


Dungeon Overview and Level Annotations

Branches:
Dungeon (4/15)
 Temple: D:4-7

Altars:


Innate Abilities, Weirdness & Mutations

You are slightly more attuned to the shadows.
When seriously injured, your bleeding wounds create armour. (AC +6)


Message History

The worker ant waves its antennae.
The worker ant barely misses you.
You hit the worker ant.
The worker ant is almost dead.
The worker ant bites you but does no damage.
You hit the worker ant but do no damage.
The worker ant is almost dead.
You feel sick. The worker ant bites you.
* * * LOW HITPOINT WARNING * * *
You completely miss the worker ant.
The worker ant is almost dead.
The worker ant bites you!
* * * LOW HITPOINT WARNING * * *
You are more poisoned.
The worker ant poisons you!
You closely miss the worker ant.
The worker ant is almost dead.
* * * LOW HITPOINT WARNING * * *
You feel sick. The worker ant bites you.
You die...

#####
#...###############
#......@ao........#
#...##########.)...#
#####.## ......
#.....##### ......
##........... .a....
#..>######### ...?..
#..###.##### ......
... #.....# #.###.#


You could see a worker ant and an orc.

Vanquished Creatures
  A hound (D:2)
  A worker ant (D:4)
  5 adders
  An ooze (D:3)
  A worm (D:4)
  A dart slug (D:1)
  3 leopard geckos
  5 orcs
  5 bats
  A giant cockroach (D:3)
  6 goblins
  3 hobgoblins
  7 jackals
  A quokka (D:3)
  A ball python (D:3)
  5 frilled lizards
  4 kobolds
  A quokka skeleton (D:4)
  6 rats
58 creatures vanquished.

Notes
Turn   | Place    | Note
-------+----------+-------------------------------------------
     0 | D:1      | night the Demonspawn Gladiator began the quest for the Orb.
     0 | D:1      | Reached XP level 1. HP: 16/16 MP: 1/1
    73 | D:1      | Reached skill level 3 in Unarmed Combat
   221 | D:1      | Gained mutation: You are slightly more attuned to the
                  | shadows. [demonic ancestry]
   221 | D:1      | Reached XP level 2. HP: 20/22 MP: 2/2
   795 | D:2      | Reached skill level 4 in Unarmed Combat
   795 | D:2      | Gained mutation: When seriously injured, your bleeding
                  | wounds create armour. (AC +6) [demonic ancestry]
   795 | D:2      | Reached XP level 3. HP: 8/27 MP: 3/3
  1266 | D:2      | Reached XP level 4. HP: 26/33 MP: 4/4
  1942 | D:3      | Reached skill level 5 in Unarmed Combat
  2381 | D:4      | Reached XP level 5. HP: 35/38 MP: 5/5
  2427 | D:4      | HP: 1/38 [poisoned by a worker ant]
  2904 | D:4      | Slain by a worker ant

Skill      XL: |  1  2  3  4 |
---------------+-------------+-----
Unarmed Combat | 3 4 5 |  5.5
Fighting       | |  2.0
Throwing       | |  1.7
Dodging        | |  2.6

Action                   |  1- 3 |  4- 6 || total
-------------------------+-------+-------++-------
Melee: Unarmed           |   100 |   142 ||   242
       Punch             |     1 |     8 ||     9
  Use: Scroll            |       |     4 ||     4
       Potion            |       |     1 ||     1
 Stab: Sleeping          |     1 |     3 ||     4
  Eat: Chunk             |     1 |     4 ||     5
Armor: Leather armour    |    31 |    40 ||    71
Dodge: Dodged            |    69 |    76 ||   145
